 Dungeon Crawl Stone Soup version 0.31-a0-819-gf6de2f5ab6 (webtiles) character file.

Game seed: 18415338512903037110

70 Shayle the Grave Robber (level 4, -1/41 HPs)
             Began as an Ogre Hexslinger on Sept 24, 2023.
             Slain by Sigmund
             ... wielding a +0 scythe
              (9 damage)
             ... on level 2 of the Dungeon.
             The game lasted 00:03:38 (1403 turns).

Shayle the Grave Robber (Ogre Hexslinger)           Turns: 1403, Time: 00:03:38

Health: -1/41      AC:  5    Str: 12    XL:     4   Next: 22%
Magic:  5/5        EV: 10    Int: 16    God:
Gold:   32         SH:  0    Dex: 11    Spells: 5/5 levels left

rFire   . . .        a - +1 sling
rCold   . . .        (no shield)
rNeg    . . .        h - +2 robe {Will+}
rPois   .            (helmet restricted)
rElec   .            (no cloak)
rCorr   .            (gloves unavailable)
SInv    .            (boots unavailable)
Will    +....        (no amulet)
Stlth   +            (no ring)
HPRegen 0.26/turn    (no ring)
MPRegen 0.09/turn

%: no passive effects
@: no status effects
A: large, unfitting armour, tough skin 1
a: no special abilities


You were on level 2 of the Dungeon.
You visited 1 branch of the dungeon, and saw 2 of its levels.

You collected 32 gold pieces.

Inventory:

Hand Weapons
 a - a +1 sling (weapon)
Armour
 g - a +0 tower shield
 h - a +2 robe of willpower (worn)
Talismans
 c - a dragon-blood talisman
Scrolls
 b - a scroll of identify {unknown}
Potions
 e - a potion of degeneration {unknown}
 i - 2 potions of lignification {unknown}
 j - a potion of resistance {unknown}


   Skills:
 - Level 1.3 Fighting
 - Level 1.3 Ranged Weapons
 - Level 1.7 Dodging
 - Level 1.2 Spellcasting
 - Level 2.6 Hexes
 + Level 3.3 Necromancy
 - Level 0.8 Fire Magic


You had 5 spell levels left.
You didn't know any spells.
Your spell library contained the following spells:

 Spells                   Type           Power      Damage    Failure   Level
 Jinxbite                 Hex            18%        N/A       12%         2
 Sigil of Binding         Hex            9%         N/A       22%         3
 Inner Flame              Hex/Fire       6%         N/A       32%         3
 Cause Fear               Hex            4%         N/A       58%         4
 Dimensional Bullseye     Hex/Tloc       2%         N/A       78%         4


Dungeon Overview and Level Annotations

Branches:
Dungeon (2/15)

Altars:

Shops:
D:1 (

Annotations:
D:2 Sigmund


Innate Abilities, Weirdness & Mutations

You are too large for most types of armour.
You have tough skin. (AC +1)


Message History

Okay, then.
Sigmund hits you with a +0 scythe!
You shoot a sling bullet. The sling bullet barely misses Sigmund.
Sigmund hits you with a +0 scythe!
You shoot a sling bullet.
The sling bullet closely misses Sigmund.
Sigmund gestures at you while chanting. The magic dart hits you.
You shoot a sling bullet. The sling bullet hits Sigmund.
Sigmund is moderately wounded.
Sigmund closely misses you.
You shoot a sling bullet. The sling bullet barely misses Sigmund.
Sigmund closely misses you.
You shoot a sling bullet. The sling bullet barely misses Sigmund.
Sigmund hits you but does no damage.
You shoot a sling bullet. The sling bullet barely misses Sigmund.
Sigmund hits you with a +0 scythe!
You shoot a sling bullet. The sling bullet barely misses Sigmund.
Sigmund casts a spell at you. You resist with almost no effort.
You shoot a sling bullet. The sling bullet hits Sigmund.
Sigmund is moderately wounded.
Sigmund hits you but does no damage.
You shoot a sling bullet. The sling bullet hits Sigmund.
Sigmund is heavily wounded.
Sigmund barely misses you.
You shoot a sling bullet.
The sling bullet closely misses Sigmund.
Sigmund barely misses you.
You shoot a sling bullet.
The sling bullet hits Sigmund but does no damage.
Sigmund is heavily wounded.
Sigmund hits you with a +0 scythe!
* * * LOW HITPOINT WARNING * * *
You shoot a sling bullet. The sling bullet barely misses Sigmund.
You shoot a sling bullet.
The sling bullet closely misses Sigmund.
Sigmund hits you with a +0 scythe!
You die...
Sigmund begins carving another notch in his scythe.

#....#..##.... ..# #
####.#........#.# #.########
######.##.####..##.#.###.##......
##......#.##...[.[....##......##.
##.#................@.##.##.#....
....#...##########.......##.####.
###.##..# #†##.#####.####.
#.....# ########.##.# #......
###8..# #.....@@.##.# #######
+%.## #)#########.# #8.####.###
#.. ...##.....# ##. ..####.....#
. #..<..# ># #.....# #.....#
#######


You could see Sigmund.

Vanquished Creatures
  3 adders (D:2)
  A worm (D:2)
  3 dart slugs (D:1)
  2 bats
  3 endoplasms
  5 giant cockroaches (D:1)
  A goblin (D:2)
  4 hobgoblins (D:1)
  2 kobolds
  3 quokkas
  2 ball pythons
  2 frilled lizards
  2 rats (D:1)
33 creatures vanquished.

Notes
Turn   | Place    | Note
-------+----------+-------------------------------------------
     0 | D:1      | Shayle the Ogre Hexslinger began the quest for the Orb.
     0 | D:1      | Reached XP level 1. HP: 19/19 MP: 2/2
   108 | D:1      | Reached skill level 1 in Necromancy
   138 | D:1      | Reached XP level 2. HP: 27/27 MP: 3/3
   489 | D:1      | Reached skill level 2 in Necromancy
   590 | D:1      | Found Zocriegei's Antique Weapon Shop.
   615 | D:1      | Reached XP level 3. HP: 33/33 MP: 4/4
  1086 | D:2      | Noticed Sigmund
  1267 | D:2      | Reached skill level 3 in Necromancy
  1286 | D:2      | Reached XP level 4. HP: 41/41 MP: 5/5
  1403 | D:2      | Slain by Sigmund

Illustrated notes

Levels and vault maps discovered:
D:1:      dpeg_arrival_round_c, layout_basic, serial_shops, shop
D:2:      layout_loops_cross, dreamdust_ecumenical_altar_angels_and_demons,
          uniq_sigmund

Skill      XL: |  1  2  3 |
---------------+----------+-----
Necromancy     | 1 2 3 |  3.3
Fighting       | |  1.3
Ranged Weapons | |  1.3
Dodging        | |  1.7
Spellcasting   | |  1.2
Hexes          | |  2.6
Fire Magic     | |  0.8

Action                     |  1- 3 |  4- 6 || total
---------------------------+-------+-------++-------
   Fire: Sling             |   149 |    35 ||   184
    Use: Scroll            |     3 |       ||     3
 Armour: Robe              |    77 |    22 ||    99
  Dodge: Dodged            |    58 |    16 ||    74

Table legend: (Time is in decaauts)
 A = Elapsed time spent in this place.
 B = Non-inter-level travel time spent in this place.
 C = Inter-level travel time spent in this place.
 D = Time resting spent in this place.
 E = Time spent auto-exploring this place.
 F = Levels seen in this place.
 G = Mean time per level.
                   A        B        C        D        E       F      G
               +--------+--------+--------+--------+--------+-----+--------+
         Total |   1464 |   1381 |     83 |    105 |    886 |   2 |  732.0 |
       Dungeon |   1464 |   1381 |     83 |    105 |    886 |   2 |  732.0 |
               +--------+--------+--------+--------+--------+-----+--------+

Top non-repeatable levels by time:
     D:1: 908 daAuts
     D:2: 556 daAuts
